 Dungeon Crawl Stone Soup version 0.28-a0-794-gafe8c5f9e9 (webtiles) character file.

Game seed: 7282210156402388686

2147 croobank the Cleaver (level 9, -5/79 HPs)
             Began as a Minotaur Berserker on Nov 5, 2021.
             Was an Elder of Trog.
             Slain by Prince Ribbit (6 damage)
             ... on level 7 of the Dungeon.
             The game lasted 00:55:27 (5287 turns).

croobank the Cleaver (Minotaur Berserker)           Turns: 5287, Time: 00:55:28

Health: -5/79      AC: 13    Str: 34    XL:     9   Next: 9%
Magic:  8/8        EV: 12    Int:  8    God:    Trog [****..]
Gold:   21         SH:  0    Dex: 11    Spells: 8/8 levels left

rFire   x . .      SeeInvis .   z - +1 war axe (venom)
rCold   + + .      Faith    .   (no shield)
rNeg    . . .      Spirit   .   g - +1 ice dragon scales
rPois   .          Reflect  .   (helmet restricted)
rElec   .          Harm     .   a - +0 cloak of the Crushed Seers {Contam +Blink Str+4 Int+4}
rCorr   .          Rampage  .   (no gloves)
Will    .....                   (no boots)
Stlth   ..........              (no amulet)
HPRegen 0.23/turn               i - +6 ring of strength
MPRegen 0.11/turn               (no ring)

@: mighty
A: horns 2, retaliatory headbutt
a: Renounce Religion, Evoke Blink, Berserk, Trog's Hand, Brothers in Arms


You were on level 7 of the Dungeon.
You worshipped Trog.
Trog was greatly pleased with you.
You visited 1 branch of the dungeon, and saw 7 of its levels.

You collected 225 gold pieces.
You spent 204 gold pieces at shops.

Inventory:

Hand Weapons
 t - a +0 halberd
 z - a +1 war axe of venom (weapon)
Missiles
 b - 72 bolts
 d - 148 stones
 e - a throwing net
 o - 76 arrows
 B - 10 poisoned darts (quivered)
Armour
 a - the +0 cloak of the Crushed Seers (worn) {Contam +Blink Str+4 Int+4}
   (You found it on level 4 of the Dungeon)

   Str:       It affects your strength (+4).
   Int:       It affects your intelligence (+4).
   +Blink:    It lets you blink.
   Contam:    It causes magical contamination when unequipped.
 g - +1 ice dragon scales (worn)
 s - a scarf of shadows
 G - a +2 ring mail of cold resistance
Jewellery
 c - the ring "Sunylumn" {Fly rN+ rCorr SInv}
   (You found it on level 6 of the Dungeon)

   [ring of flight]

   rN:        It protects you from negative energy.
   SInv:      It lets you see invisible.
   Fly:       It grants you flight.
   rCorr:     It protects you from acid and corrosion.
 i - a +6 ring of strength (left hand)
 D - a ring of resist corrosion
 H - an amulet of magic regeneration
 K - a ring of flight
 L - a ring of willpower
Scrolls
 k - 5 scrolls of amnesia
 p - a scroll of holy word {unknown}
 r - a scroll of fear {unknown}
 u - a scroll of vulnerability {unknown}
 v - 2 scrolls of fog {unknown}
 w - 2 scrolls of summoning {unknown}
 x - 2 scrolls of teleportation
 y - 2 scrolls of torment {unknown}
 E - 3 scrolls of enchant weapon
 F - 2 scrolls of immolation {unknown}
 I - a scroll of enchant armour
Potions
 f - a potion of mutation
 h - a potion of might
 j - a potion of ambrosia {unknown}
 l - 3 potions of cancellation
 m - a potion of attraction {unknown}
 n - 3 potions of curing
 q - 3 potions of flight
 A - a potion of berserk rage {unknown}
 C - a potion of brilliance {unknown}


   Skills:
 + Level 7.2 Fighting
 + Level 10.5 Axes
 + Level 1.3 Throwing
 + Level 6.4 Armour
 + Level 4.7 Dodging
 + Level 1.6 Stealth


You had 8 spell levels left.
You didn't know any spells.
Your spell library contained the following spells:

 Spells                   Type           Power      Damage    Failure   Level
 Blink                    Tloc           0%         N/A       80%         2
 Scorch                   Fire           0%         2d5       80%         2
 Ignite Poison            Fire/Tmut/Pois 0%         N/A       95%         3
 Mephitic Cloud           Conj/Pois/Air  0%         N/A       95%         3
 Flame Wave               Conj/Fire      0%         3d3       100%        4
 Freezing Cloud           Conj/Ice/Air   0%         6-21      100%        5
 Manifold Assault         Tloc           0%         N/A       100%        5
 Summon Cactus Giant      Summ           0%         N/A       100%        6
 Storm Form               Tmut/Air       0%         N/A       100%        7


Dungeon Overview and Level Annotations

Branches:
Dungeon (7/15)             Temple (0/1) D:4

Altars:
Cheibriados
Ru

Shops:
D:6 ?   D:7 [

Annotations:
D:7 Prince Ribbit


Innate Abilities, Weirdness & Mutations

You have a pair of horns on your head.
You reflexively headbutt those who attack you in melee.


Message History

Aim: a wight, wielding a +3 mace and wearing a +0 robe (59% to hit)
You throw a poisoned dart. The poisoned dart hits the wight.
The centaur skeleton closely misses you.
The centaur skeleton kicks you but does no damage.
The wight misses you. You furiously retaliate!
You headbutt the wight.
Things that are here:
a +0 hand axe; a +0 chain mail; a bullfrog corpse You slice the wight!!
You destroy the wight!
Trog accepts your kill.
You slash the centaur skeleton!
The centaur skeleton hits you but does no damage.
The centaur skeleton misses you.
The centaur skeleton hits you but does no damage.
The centaur skeleton kicks you but does no damage.
You slash the black bear!
The black bear is moderately wounded.
You slash the centaur skeleton! You barely miss Prince Ribbit.
Prince Ribbit hits you but does no damage.
The centaur skeleton hits you.
* * * LOW HITPOINT WARNING * * *
The centaur skeleton barely misses you.
The black bear bites you but does no damage.
The black bear claws you but does no damage.
The black bear closely misses you. Prince Ribbit barely misses you.
You furiously retaliate!
You headbutt Prince Ribbit!! You slash the black bear!
You headbutt the black bear.
The black bear is severely wounded.
You slash the centaur skeleton!
You destroy the centaur skeleton!
Trog accepts your kill.
You hit Prince Ribbit.
Prince Ribbit is poisoned.
Prince Ribbit hits you!
* * * LOW HITPOINT WARNING * * *
The black bear barely misses you. The black bear closely misses you.
The black bear barely misses you.
The black bear goes berserk!
You closely miss Prince Ribbit. Your headbutt misses Prince Ribbit.
Prince Ribbit is heavily wounded.
Prince Ribbit hits you.
You die...

### . .. ###.#
..... ###...##
..... #......#
o.#.. ###..#..##
#...###.'......###
#...#...##...#'#.#
...o##().#.###hF@#
.o...'.#####...(..#
.....### #.....#..#
...### ##..###...#
.### #.. ##..# ##.
... # .### ##


You could see Prince Ribbit (very poisoned) and a black bear (berserk).

Vanquished Creatures
  Grinder (D:5)
  A water moccasin (D:6)
  A sky beast (D:6)
  An ogre (D:5)
  A necrophage (D:5)
  2 phantoms
  A gnoll sergeant (D:7)
  A bullfrog (D:7)
  4 scorpions
  3 water moccasin zombies
  A water moccasin skeleton (D:5)
  A wight (D:7)
  An electric eel (D:6)
  A howler monkey (D:5)
  3 bullfrog zombies
  A centaur zombie (D:5)
  4 hounds
  A gnoll shaman (D:6)
  A centaur skeleton (D:7)
  3 iguanas
  2 orc wizards
  A hound zombie (D:5)
  2 hound skeletons (D:5)
  2 howler monkey zombies (D:5)
  2 howler monkey skeletons
  4 gnolls (D:6)
  3 adders
  A shadow imp (D:4)
  3 white imps (D:6)
  An adder skeleton (D:4)
  An adder zombie (D:5)
  2 worms
  5 dart slugs
  27 orcs
  2 endoplasms
  3 giant cockroaches
  7 goblins
  3 hobgoblins
  3 jackals (D:1)
  7 kobolds
  5 quokkas
  9 ball pythons
  8 bats
  6 frilled lizards
  7 rats
149 creatures vanquished.

Vanquished Creatures (others)
  A kobold (D:7)
1 creature vanquished.

Grand Total: 150 creatures vanquished

Notes
Turn   | Place    | Note
-------+----------+-------------------------------------------
     0 | D:1      | croobank the Minotaur Berserker began the quest for the
                  | Orb.
     0 | D:1      | Reached XP level 1. HP: 19/19 MP: 0/0
   334 | D:1      | Reached XP level 2. HP: 27/27 MP: 1/1
   337 | D:1      | Found a faded altar of an unknown god.
   439 | D:1      | Reached skill level 4 in Axes
   987 | D:1      | Reached XP level 3. HP: 33/33 MP: 2/2
  1238 | D:2      | Reached ** piety under Trog
  1368 | D:2      | Reached XP level 4. HP: 37/41 MP: 3/3
  2514 | D:3      | Found a snail-covered altar of Cheibriados.
  2695 | D:4      | Noticed a scorpion
  2704 | D:4      | Killed a scorpion
  2705 | D:4      | Reached skill level 5 in Axes
  2705 | D:4      | Reached XP level 5. HP: 47/47 MP: 4/4
  2806 | D:4      | Identified the +0 cloak of the Crushed Seers {Contam +Blink
                  | Str+4 Int+4}
  2818 | D:4      | Reached skill level 5 in Fighting
  3049 | D:4      | Reached XP level 6. HP: 44/56 MP: 5/5
  3150 | D:4      | Reached skill level 6 in Axes
  3180 | D:4      | Found a staircase to the Ecumenical Temple.
  3373 | D:5      | Entered Level 5 of the Dungeon
  3397 | D:5      | Reached *** piety under Trog
  3446 | D:5      | Reached XP level 7. HP: 61/61 MP: 6/6
  3490 | D:5      | Reached skill level 7 in Axes
  3508 | D:5      | Reached skill level 1 in Stealth
  3540 | D:5      | Found a sacrificial altar of Ru.
  3618 | D:5      | Reached skill level 8 in Axes
  3854 | D:5      | Reached skill level 5 in Armour
  3996 | D:5      | Reached XP level 8. HP: 70/70 MP: 7/7
  3997 | D:5      | Noticed Grinder
  4008 | D:5      | Killed Grinder
  4009 | D:5      | Reached skill level 9 in Axes
  4336 | D:6      | Reached **** piety under Trog
  4474 | D:6      | Identified the ring "Sunylumn" {Fly rN+ rCorr SInv}
  4486 | D:6      | Reached skill level 10 in Axes
  4658 | D:6      | Found Udal's Magic Scroll Emporium.
  4668 | D:6      | Reached skill level 1 in Throwing
  4933 | D:6      | Identified 2 scrolls of acquirement
  4934 | D:6      | Acquired a +0 antimagic broad axe
  4935 | D:6      | Acquired a +6 ring of strength
  4939 | D:6      | Bought a scroll of enchant armour for 90 gold pieces
  4939 | D:6      | Bought a scroll of enchant weapon for 90 gold pieces
  4939 | D:6      | Bought a scroll of identify for 24 gold pieces
  5221 | D:7      | Found Voseuniomo's Armour Boutique.
  5264 | D:7      | Reached XP level 9. HP: 8/79 MP: 8/8
  5279 | D:7      | Noticed Prince Ribbit
  5285 | D:7      | HP: 1/79 [Prince Ribbit (8)]
  5287 | D:7      | Slain by Prince Ribbit

Illustrated notes

Levels and vault maps discovered:
D:1:      nicolae_arrival_somewhat_less_tricky_arrival, layout_basic,
          ebering_ecumenical_altar_abandoned
D:2:      layout_basic, minmay_diced_spiral
D:3:      layout_basic, cheibriados_altar_1
D:4:      layout_rooms, minmay_temple_entry_offerings,
          kennysheep_generic_room_11
D:5:      layout_basic, nicolae_ru_great_annihilating_truth, serial_undead,
          serial_undead_b, serial_undead_d, serial_undead_a, serial_undead_f,
          minmay_crossroads, uniq_grinder
D:6:      layout_cave_pools, minivault_1, nicolae_inconvenience_store
D:7:      minmay_slanted_spiral_squares, layout_basic, serial_shops, shop,
          uniq_prince_ribbit1, uniq_crazy_yiuf_cottage

Skill      XL: |  1  2  3  4  5  6  7  8 |
---------------+-------------------------+-----
Fighting       | 4 5 6 7 |  7.2
Axes           | 4 5 6 8 10 | 10.5
Dodging        | 3 4 |  4.7
Armour         | 3 4 5 6 |  6.4
Stealth        | 1 |  1.6
Throwing       | 1 |  1.3

Action                   |  1- 3 |  4- 6 |  7- 9 || total
-------------------------+-------+-------+-------++-------
Melee: Hand axe          |    70 |    66 |       ||   136
       Headbutt          |    19 |    17 |    26 ||    62
       War axe           |       |    42 |   135 ||   177
       Unarmed           |       |     1 |       ||     1
Throw: Dart              |       |       |    14 ||    14
  Use: Scroll            |     3 |       |    10 ||    13
       Potion            |       |       |     2 ||     2
 Stab: Paralysed         |       |       |     1 ||     1
Armor: Animal skin       |    16 |       |       ||    16
       Ice dragon scales |     4 |    66 |    62 ||   132
Dodge: Dodged            |    52 |    60 |    85 ||   197

Table legend: (Time is in decaauts)
 A = Elapsed time spent in this place.
 B = Non-inter-level travel time spent in this place.
 C = Inter-level travel time spent in this place.
 D = Time resting spent in this place.
 E = Time spent auto-exploring this place.
 F = Levels seen in this place.
 G = Mean time per level.
                   A        B        C        D        E       F      G
               +--------+--------+--------+--------+--------+-----+--------+
         Total |   5311 |   5170 |    141 |    192 |   3524 |   7 |  758.7 |
       Dungeon |   5311 |   5170 |    141 |    192 |   3524 |   7 |  758.7 |
               +--------+--------+--------+--------+--------+-----+--------+

Top non-repeatable levels by time:
     D:1: 1145 daAuts
     D:2: 1058 daAuts
     D:6: 940 daAuts
     D:5: 915 daAuts
     D:4: 683 daAuts
     D:3: 500 daAuts
     D:7: 68 daAuts
